 Dungeon Crawl Stone Soup version 0.31-a0-1612-g4aaf141004 (webtiles) character file.

Game seed: 13534440138689015537

205 Essalna the Firebug (level 5, -1/28 HPs)
             Began as a Gargoyle Fire Elementalist on Jan 9, 2024.
             Slain by an iguana (4 damage)
             ... on level 5 of the Dungeon.
             The game lasted 00:05:20 (2833 turns).

Essalna the Firebug (Gargoyle Fire Elementalist)    Turns: 2833, Time: 00:05:20

Health: -1/28      AC:  8    Str: 11    XL:     5   Next: 83%
Magic:  4/9        EV: 11    Int: 18    God:
Gold:   102        SH:  0    Dex: 10    Spells: 5/10 levels left

rFire   . . .        f - +1 dagger (speed)
rCold   . . .        (no shield)
rNeg    + . .        a - +0 robe
rPois   ∞            (no helmet)
rElec   +            (no cloak)
rCorr   .            (no gloves)
SInv    .            l - +1 pair of boots
Will    .....        (no amulet)
Stlth   ++           (no ring)
HPRegen 0.24/turn    (no ring)
MPRegen 0.11/turn

%: no passive effects
@: no status effects
A: sickness immunity, AC +4, negative energy resistance 1, electricity
resistance, torment resistance 1, petrification resistance
a: no special abilities


You were on level 5 of the Dungeon.
You visited 1 branch of the dungeon, and saw 5 of its levels.

You collected 102 gold pieces.

Inventory:

Hand Weapons
 e - a +0 short sword
 f - a +1 dagger of speed (weapon)
Armour
 a - a +0 robe (worn)
 l - a +1 pair of boots (worn)
Scrolls
 g - 4 scrolls of identify
 j - a scroll of fog {unknown}
 m - a scroll of brand weapon {unknown}
 n - a scroll of revelation {unknown}
Potions
 b - a potion of magic
 c - 3 potions of curing
 d - a potion of lignification {unknown}
 h - a potion of attraction {unknown}
 i - a potion of brilliance {unknown}
 k - a potion of enlightenment {unknown}


   Skills:
 - Level 1.5 Dodging
 - Level 2.1 Stealth
 + Level 3.3 Spellcasting
 + Level 3.3 Conjurations
 + Level 1.5 Summonings
 + Level 4.1 Fire Magic


You had 5 spell levels left.
You knew the following spells:

 Your Spells              Type           Power      Damage    Failure   Level
a - Foxfire               Conj/Fire      64%        2x1d7     3%          1
b - Summon Blazeheart Go  Fire/Summ      13%        N/A       43%         4

Your spell library contained the following spells:

 Spells                   Type           Power      Damage    Failure   Level
 Scorch                   Fire           36%        2d6       4%          2
 Inner Flame              Hex/Fire       10%        N/A       21%         3
 Volatile Blastmotes      Fire/Tloc      20%        2d11      21%         3
 Flame Wave               Conj/Fire      16%        2d7       34%         4
 Fireball                 Conj/Fire      8%         3d6       67%         5
 Cause Fear               Hex            1%         N/A       85%         4
 Orb of Destruction       Conj           7%         9d6       100%        7
 Spellforged Servitor     Conj/Summ      5%         N/A       100%        7
 Dragon's Call            Summ           4%         N/A       100%        9


Dungeon Overview and Level Annotations

Branches:
Dungeon (5/15)
 Temple: D:4-7

Altars:
Cheibriados
Gozag
Makhleb
Zin

Annotations:
D:3 Ijyb


Innate Abilities, Weirdness & Mutations

You are immune to sickness and miasma.
Your stone body is resilient. (AC +4)
You are immune to poison.
You resist negative energy. (rN+)
You are resistant to electric shocks. (rElec)
You are resistant to unholy torment.
You are immune to petrification.


Message History

The iguana misses you. The iguana attacks as it pursues you!
The iguana bites you! The iguana attacks as it pursues you!
The iguana bites you!
* * * LOW HITPOINT WARNING * * *
The iguana attacks as it pursues you! The iguana closely misses you.
Casting: Foxfire (safe; 3% risk of failure)
Confirm with . or Enter, or press ? or * to list all spells.
You conjure some foxfire!
The iguana misses you.
You hit the iguana.
The iguana is lightly wounded.
The foxfire hits the iguana.
The iguana is lightly wounded.
The foxfire hits the iguana.
The iguana is moderately wounded.
The iguana bites you but does no damage.
Casting: Foxfire (safe; 3% risk of failure)
Confirm with . or Enter, or press ? or * to list all spells.
You conjure some foxfire!
The iguana bites you but does no damage.
You barely miss the iguana.
The iguana is moderately wounded.
The foxfire hits the iguana.
The iguana is heavily wounded.
The foxfire hits the iguana but does no damage.
The iguana is heavily wounded.
Casting: Foxfire (safe; 3% risk of failure)
Confirm with . or Enter, or press ? or * to list all spells.
You conjure some foxfire!
The iguana closely misses you.
You hit the iguana.
The iguana is severely wounded.
The foxfire hits the iguana.
The iguana is severely wounded.
The foxfire hits the iguana.
The iguana is almost dead.
The iguana bites you!
* * * LOW HITPOINT WARNING * * *
Casting: Foxfire (safe; 3% risk of failure)
Confirm with . or Enter, or press ? or * to list all spells.
You conjure some foxfire!
The iguana bites you.
You die...

.. .#
#####.##.#
........####
#..#.##....
#........#
#.<......#
#.#......#
#.#v####.###
..#@v.......
####l#######.
#.# #.# #.#
#.# #.#
#.####...
#........


You could see an iguana (ally target).

Vanquished Creatures
  An orc priest (D:4)
  An iguana (D:4)
  An orc wizard (D:4)
  A sleepcap (D:4)
  4 adders
  2 dart slugs
  3 ribbon worms
  4 orcs
  6 endoplasms
  A giant cockroach (D:2)
  2 hobgoblins (D:2)
  4 jackals
  3 kobolds
  4 quokkas
  4 ball pythons
  2 bats
  2 frilled lizards
  5 goblins
  2 rats (D:3)
52 creatures vanquished.

Vanquished Creatures (collateral kills)
  A foxfire (D:2)
1 creature vanquished.

Vanquished Creatures (others)
  239 foxfires
239 creatures vanquished.

Grand Total: 292 creatures vanquished

Notes
Turn   | Place    | Note
-------+----------+-------------------------------------------
     0 | D:1      | Essalna the Gargoyle Fire Elementalist began the quest for
                  | the Orb.
     0 | D:1      | Reached XP level 1. HP: 10/10 MP: 3/3
   243 | D:2      | Reached XP level 2. HP: 15/15 MP: 3/5
   516 | D:2      | Found a faded altar of an unknown god.
   735 | D:2      | Reached XP level 3. HP: 19/19 MP: 0/6
  1514 | D:3      | Noticed Ijyb
  1667 | D:3      | Reached XP level 4. HP: 24/24 MP: 4/8
  1728 | D:3      | Found a glowing silver altar of Zin.
  1837 | D:3      | Learned a level 4 spell: Summon Blazeheart Golem
  1958 | D:3      | Found an opulent altar of Gozag.
  2328 | D:4      | Found a burning altar of Makhleb.
  2328 | D:4      | Found a snail-covered altar of Cheibriados.
  2341 | D:4      | Reached XP level 5. HP: 26/28 MP: 1/9
  2411 | D:4      | Reached skill level 1 in Summonings
  2413 | D:4      | Reached skill level 4 in Fire Magic
  2768 | D:4      | Noticed a lemure
  2768 | D:4      | Noticed a lemure
  2773 | D:5      | Entered Level 5 of the Dungeon
  2833 | D:5      | Slain by an iguana

Illustrated notes

Levels and vault maps discovered:
D:1:      erik_arrival_blinker_ship, layout_basic,
          corexii_item_surrounded_by_moat
D:2:      wad_lake_hut, layout_rooms, shapermc_ecumenical_altar_ellora,
          kennysheep_cross_bottleneck
D:3:      layout_rooms, grunt_gozag_breadcrumbs, mainiacjoe_overflow_paths,
          uniq_ijyb
D:4:      layout_basic, mainiacjoe_overflow_small_starburst,
          chequers_temple_overflow_statue_of_worship, serial_shops, shop,
          st_stairs_6, chequers_garden, uniq_pikel
D:5:      layout_basic, nicolae_overflow_crystal_walls, uniq_blork_the_orc,
          uniq_duvessa

Skill      XL: |  1  2  3  4  5 |
---------------+----------------+-----
Conjurations   | 2 3 |  3.3
Spellcasting   | 3 |  3.3
Summonings     | 1 |  1.5
Fire Magic     | 4 |  4.1
Dodging        | |  1.5
Stealth        | |  2.1

Action                     |  1- 3 |  4- 6 || total
---------------------------+-------+-------++-------
  Melee: Unarmed           |     2 |       ||     2
         Dagger            |    31 |    10 ||    41
         Short sword       |     2 |       ||     2
   Cast: Foxfire           |    65 |    74 ||   139
    Use: Scroll            |       |     1 ||     1
 Armour: Robe              |    24 |    13 ||    37
  Dodge: Dodged            |    28 |     9 ||    37

Table legend: (Time is in decaauts)
 A = Elapsed time spent in this place.
 B = Non-inter-level travel time spent in this place.
 C = Inter-level travel time spent in this place.
 D = Time resting spent in this place.
 E = Time spent auto-exploring this place.
 F = Levels seen in this place.
 G = Mean time per level.
                   A        B        C        D        E       F      G
               +--------+--------+--------+--------+--------+-----+--------+
         Total |   2864 |   2766 |     98 |      0 |   2373 |   5 |  572.8 |
       Dungeon |   2864 |   2766 |     98 |      0 |   2373 |   5 |  572.8 |
               +--------+--------+--------+--------+--------+-----+--------+

Top non-repeatable levels by time:
     D:2: 1006 daAuts
     D:3: 800 daAuts
     D:4: 775 daAuts
     D:1: 224 daAuts
     D:5: 58 daAuts
